 Dungeon Crawl Stone Soup version 0.30-a0-652-gcc886f7154 (webtiles) character file.

Game seed: 14550672049960025699

114 Leeroy the Slasher (level 4, -4/23 HPs)
             Began as a Tengu Warper on Jan 17, 2023.
             Was a Follower of Hepliaklqana.
             Slain by a gnoll
             ... wielding a +0 spear
              (8 damage)
             ... on level 3 of the Dungeon.
             The game lasted 00:03:14 (2757 turns).

Leeroy the Slasher (Tengu Warper)                   Turns: 2757, Time: 00:03:15

Health: -4/23      AC:  3    Str: 12    XL:     4   Next: 97%
Magic:  8/8        EV: 12    Int: 13    God:    Hepliaklqana [*.....]
Gold:   136        SH:  0    Dex: 15    Spells: 7/7 levels left

rFire   . . .      SeeInvis .    a - +0 falchion
rCold   . . .      Faith    .    (no shield)
rNeg    . . .      Spirit   .    p - +1 robe
rPois   .          Reflect  .    (helmet restricted)
rElec   .          Harm     .    (no cloak)
rCorr   .          Rampage  .    (no gloves)
Will    .....                    (boots unavailable)
Stlth   +                        (no amulet)
HPRegen 0.23/turn                (no ring)
MPRegen 0.11/turn                (no ring)

@: no status effects
A: reduced essence, beak, talons 3
a: Renounce Religion, Recall Ancestor, Ancestor Identity


You were on level 3 of the Dungeon.
You worshipped Hepliaklqana.
Hepliaklqana was aware of your devotion.
You visited 1 branch of the dungeon, and saw 3 of its levels.

You collected 136 gold pieces.

Inventory:

Hand Weapons
 a - a +0 falchion (weapon)
 t - a +0 vampiric whip
Missiles
 d - 7 boomerangs of dispersal (quivered)
 q - a throwing net
 r - 6 poisoned darts
Armour
 b - a +0 leather armour
 j - a +0 pair of gloves
 p - a +1 robe (worn)
Jewellery
 e - an amulet of magic regeneration
Wands
 o - a wand of polymorph (8)
Scrolls
 c - 3 scrolls of blinking
 f - 3 scrolls of teleportation {unknown}
 i - a scroll of enchant weapon {unknown}
 l - a scroll of amnesia {unknown}
 n - a scroll of noise {unknown}
 s - a scroll of acquirement {unknown}
 u - a scroll of fog {unknown}
Potions
 g - a potion of degeneration {unknown}
 h - a potion of cancellation {unknown}
 k - a potion of lignification {unknown}
 m - 5 potions of haste {unknown}


   Skills:
 - Level 2.0 Fighting
 + Level 5.4 Long Blades
 - Level 1.0 Throwing
 - Level 1.1 Armour
 - Level 2.1 Dodging
 - Level 2.0 Spellcasting
 - Level 2.4 Translocations


You had 7 spell levels left.
You didn't know any spells.
Your spell library contained the following spells:

 Spells                   Type           Power      Damage    Failure   Level
 Blink                    Tloc           14%        N/A       14%         2
 Lesser Beckoning         Tloc           14%        N/A       14%         2
 Freeze                   Ice            4%         1d3       26%         1
 Teleport Other           Tloc           7%         N/A       28%         3
 Vhi's Electric Charge    Tloc/Air       8%         N/A       43%         3
 Frozen Ramparts          Ice            2%         1d1       58%         3
 Hailstorm                Conj/Ice       1%         3d3       58%         3
 Manifold Assault         Tloc           7%         N/A       67%         4


Dungeon Overview and Level Annotations

Branches:
Dungeon (3/15)

Altars:
Dithmenos
Hepliaklqana
Qazlal


Innate Abilities, Weirdness & Mutations

Your life essence is reduced to manifest your ancestor. (-10% HP)
You have a beak for a mouth.
You have claws for feet.


Message History

You are too injured to fight recklessly!
You are too injured to fight recklessly!
You are too injured to fight recklessly!
You are too injured to fight recklessly!
You closely miss the gnoll.
The gnoll is moderately wounded.
The gnoll hits you with a +0 spear.
* * * LOW HITPOINT WARNING * * *
The gnoll misses you. The gnoll barely misses you.
The gnoll completely misses you.
You swap places.
Lwandle closely misses the gnoll.
The gnoll hits you but does no damage.
Lwandle hits the gnoll.
The gnoll hits Lwandle with a +0 spear.
Lwandle hits the gnoll but does no damage.
The gnoll closely misses Lwandle.
Lwandle hits the gnoll.
The gnoll hits Lwandle with a +0 spear.
Lwandle barely misses the gnoll.
The gnoll hits Lwandle with a +0 spear.
Lwandle barely misses the gnoll.
The gnoll closely misses Lwandle.
Lwandle hits the gnoll but does no damage.
The gnoll hits Lwandle with a +0 spear.
Lwandle hits the gnoll.
The gnoll hits Lwandle with a +0 spear.
Lwandle closely misses the gnoll.
The gnoll hits Lwandle with a +0 spear!
Lwandle hits the gnoll.
The gnoll dies!
Lwandle completely misses the gnoll.
The gnoll hits Lwandle with a +0 spear.
Lwandle is destroyed!
There is a stone staircase leading up here.
You start removing your amulet.
You continue taking off your amulet of magic regeneration. x3
The gnoll throws a throwing net.
The throwing net completely misses you.
You continue taking off your amulet of magic regeneration.
You finish taking off your amulet of magic regeneration.
There are monsters nearby!
The gnoll hits you from afar with a +0 spear.
The gnoll hits you with a +0 spear!
* * * LOW HITPOINT WARNING * * *
The gnoll closely misses you.
You barely miss the gnoll. Your kick misses the gnoll.
The gnoll barely misses you. The gnoll hits you with a +0 spear!
You die...

#######################
...ggg.......)g.......#
#####################.#
#.##########
#############.#........#
........#.....#........#
###############..g....#........##
............#.<@g..............#
.###..#......(.........#........#
........#######...............⌠.∩
####'####.....###.#'##...........
#...##.........###.##........._.
#...#..#.....#..##.##.....#.....
#...#..#.._..#..##.#......#.....
##...#..##...##..##.#......#.....
.....#...#...#...#..#......######


You could see 2 gnolls.

Vanquished Creatures
  Jessica (D:2)
  2 adders (D:2)
  2 worms (D:2)
  A dart slug (D:2)
  3 orcs (D:3)
  4 bats
  4 endoplasms
  3 giant cockroaches
  A goblin (D:2)
  9 hobgoblins
  3 jackals (D:2)
  2 quokkas (D:1)
  6 ball pythons
  2 kobolds
  2 rats (D:3)
45 creatures vanquished.

Vanquished Creatures (collateral kills)
  A gnoll (D:3)
1 creature vanquished.

Vanquished Creatures (others)
  An ancestor (D:3)
1 creature vanquished.

Grand Total: 47 creatures vanquished

Notes
Turn   | Place    | Note
-------+----------+-------------------------------------------
     0 | D:1      | Leeroy the Tengu Warper began the quest for the Orb.
     0 | D:1      | Reached XP level 1. HP: 12/12 MP: 4/4
   158 | D:1      | Reached XP level 2. HP: 17/17 MP: 6/6
   175 | D:1      | Reached skill level 3 in Long Blades
   854 | D:2      | Reached XP level 3. HP: 21/21 MP: 7/7
   913 | D:2      | Noticed Jessica
   979 | D:2      | Killed Jessica
   980 | D:2      | Reached skill level 4 in Long Blades
  1064 | D:2      | Reached XP level 4. HP: 25/26 MP: 8/8
  1562 | D:2      | Reached skill level 5 in Long Blades
  2204 | D:3      | Found a stormy altar of Qazlal.
  2236 | D:3      | Found a shadowy altar of Dithmenos.
  2327 | D:3      | Found a faded altar of an unknown god.
  2334 | D:3      | Prayed at the altar of an unknown god.
  2334 | D:3      | Became a worshipper of Hepliaklqana the Forgotten
  2334 | D:3      | Reached * piety under Hepliaklqana
  2757 | D:3      | Slain by a gnoll

Illustrated notes

Levels and vault maps discovered:
D:1:      dpeg_arrival_boxes_within_box, layout_basic, minmay_ruptured
D:2:      layout_basic, uniq_jessica
D:3:      layout_basic, mainiacjoe_overflow_two_lobes,
          ebering_ecumenical_altar_abandoned

Skill      XL: |  1  2  3  4 |
---------------+-------------+-----
Long Blades    | 3 4 5 |  5.4
Fighting       | |  2.0
Throwing       | |  1.0
Armour         | |  1.1
Dodging        | |  2.1
Spellcasting   | |  2.0
Translocations | |  2.4

Action                   |  1- 3 |  4- 6 || total
-------------------------+-------+-------++-------
Melee: Falchion          |    50 |    53 ||   103
       Kick              |    10 |    12 ||    22
       Peck              |     2 |     7 ||     9
       Unarmed           |    16 |       ||    16
 Stab: Sleeping          |       |     1 ||     1
Armor: Leather armour    |     8 |       ||     8
       Skin              |     1 |       ||     1
       Robe              |       |    12 ||    12
Dodge: Dodged            |    38 |    39 ||    77

Table legend: (Time is in decaauts)
 A = Elapsed time spent in this place.
 B = Non-inter-level travel time spent in this place.
 C = Inter-level travel time spent in this place.
 D = Time resting spent in this place.
 E = Time spent auto-exploring this place.
 F = Levels seen in this place.
 G = Mean time per level.
                   A        B        C        D        E       F      G
               +--------+--------+--------+--------+--------+-----+--------+
         Total |   2755 |   2488 |    267 |      0 |   2072 |   3 |  918.3 |
       Dungeon |   2755 |   2488 |    267 |      0 |   2072 |   3 |  918.3 |
               +--------+--------+--------+--------+--------+-----+--------+

Top non-repeatable levels by time:
     D:2: 1365 daAuts
     D:3: 697 daAuts
     D:1: 692 daAuts
